 Dungeon Crawl Stone Soup version 0.17.0-28-g6e173f8 (webtiles) character file.

110 Dickchan the Skirmisher (level 4, -3/30 HPs)
             Began as a Gargoyle Fighter on Dec 1, 2015.
             Slain by a gnoll
             ... wielding a +0 whip
              (4 damage)
             ... on level 3 of the Dungeon.
             The game lasted 00:03:05 (1944 turns).

Dickchan the Skirmisher (Gargoyle Fighter)          Turns: 1944, Time: 00:03:05

Health: -3/30      AC: 11    Str: 25    XL:     4   Next: 91%
Magic:  4/4        EV:  7    Int:  9    God:
Gold:   89         SH:  9    Dex:  9    Spells: 0 memorised, 3 levels left

rFire  . . .     SeeInvis .     q - +4 whip
rCold  . . .     Clarity  .     b - +0 scale mail
rNeg   + . .     SustAt   .     c - +0 shield
rPois  ∞         Gourm    .     (no helmet)
rElec  +         Spirit   .     g - +0 cloak
rCorr  .         Warding  .     (no gloves)
rMut   .         Stasis   .     (no boots)
MR     +....                    (no amulet)
Stlth  ..........               (no ring)
                                h - ring of protection from magic

@: mighty, somewhat resistant to hostile enchantments, extremely unstealthy
A: negative energy resistance 1, electricity resistance, unbreathing,
petrification resistance, rot immunity, AC +3
a: no special abilities


You were on level 3 of the Dungeon.
You were not hungry.

You visited 1 branch of the dungeon, and saw 3 of its levels.

You collected 89 gold pieces.

Inventory:

Hand Weapons
 a - a +0 trident
 q - a +4 whip (weapon)
Armour
 b - a +0 scale mail (worn)
 c - a +0 shield (worn)
 g - a +0 cloak (worn)
 s - a +0 pair of gloves
Jewellery
 h - a ring of protection from magic (left hand)
Scrolls
 f - 2 scrolls of noise {unknown}
 i - 3 scrolls of remove curse {unknown}
 j - 2 scrolls of enchant weapon {unknown}
 r - a scroll of fear {unknown}
Potions
 d - a potion of might
 l - a potion of haste {unknown}
 m - a potion of curing {unknown}
 n - 2 potions of heal wounds {unknown}
 p - a potion of lignification {unknown}
Comestibles
 e - 2 bread rations
 k - a meat ration
 o - a beef jerky
 t - 2 chunks of flesh


   Skills:
 + Level 4.3 Fighting
 + Level 2.8 Polearms
 + Level 3.7 Armour
 + Level 4.0 Shields


You had 3 spell levels left.
You didn't know any spells.

Dungeon Overview and Level Annotations

Branches:
Dungeon (3/15)

Altars:
Cheibriados
Dithmenos
Zin

Annotations:
D:3 Robin


Innate Abilities, Weirdness & Mutations

You are resistant to torment.
Your stone body is resilient (AC +3).
You are immune to poison.
You resist negative energy.
You are resistant to electric shocks.
You can survive without breathing.
You are immune to petrification.
You are immune to rotting.


Message History

You kill the goblin!
You whack the kobold!
You kill the kobold!
You whack the gnoll!
The gnoll is heavily wounded.
You block the gnoll's attack.
You whack the gnoll!
The gnoll is almost dead.
Robin roars a battlecry!
You block the gnoll's attack.
You hear a shout! x2
Your shield and scale mail prevent you from hitting the gnoll.
The gnoll is almost dead.
The gnoll hits you but does no damage.
You closely miss the gnoll.
The gnoll is almost dead.
The gnoll hits you with a whip.
* * * LOW HITPOINT WARNING * * *
The gnoll hits you with a whip.
You die...

#########
#gg@÷...###########
#g#####.#..........
#)# #....########
#)# #.........# #g#
##...####.# ####
#g## ##.## #.# ...
#..# #.# #.####
#.####.#### #.#
#..... #...#.g...#
#.# ###..#


You could see Robin, a gnoll and a goblin.

Vanquished Creatures
  3 gnolls (D:3)
  2 adders (D:2)
  3 worms (D:2)
  An orc (D:3)
  A ball python (D:2)
  A giant cockroach (D:2)
  7 hobgoblins
  2 bats
  4 giant geckos (D:1)
  8 giant newts
  12 goblins
  4 kobolds
  A quokka (D:2)
  5 rats
54 creatures vanquished.

Notes
Turn   | Place    | Note
--------------------------------------------------------------
     0 | D:1      | Dickchan the Gargoyle Fighter began the quest for the Orb.
     0 | D:1      | Reached XP level 1. HP: 14/14 MP: 1/1
   162 | D:1      | Reached XP level 2. HP: 13/19 MP: 2/2
   460 | D:1      | Reached XP level 3. HP: 3/23 MP: 3/3
   909 | D:2      | Reached skill level 4 in Fighting
  1075 | D:2      | Found a snail-covered altar of Cheibriados.
  1173 | D:2      | Found a shadowy altar of Dithmenos.
  1196 | D:2      | Reached XP level 4. HP: 26/29 MP: 4/4
  1226 | D:2      | Found a glowing silver altar of Zin.
  1897 | D:3      | Noticed Robin
  1944 | D:3      | HP: 1/30 [gnoll/whip (6)]
  1944 | D:3      | Slain by a gnoll

Action                   |  1- 3 |  4- 6 || total
-------------------------+-------+-------++-------
Melee: Trident           |   135 |       ||   135
       Whip              |    19 |    61 ||    80
  Use: Potion            |       |     1 ||     1
  Eat: Chunk             |       |     2 ||     2
       Beef jerky        |       |     1 ||     1
